 Dungeon Crawl Stone Soup version 0.31-a0-819-gf6de2f5ab6 (webtiles) character file.

Game seed: 2058226945459266738

56 qw the Shooter (level 3, 0/22 HPs)
             Began as a Gargoyle Hunter on Sept 23, 2023.
             Slain by a quokka (1 damage)
             ... on level 1 of the Dungeon.
             The game lasted 00:00:24 (668 turns).

qw the Shooter (Gargoyle Hunter)                     Turns: 668, Time: 00:00:24

Health: 0/22       AC:  6    Str: 14    XL:     3   Next: 97%
Magic:  3/3        EV: 11    Int:  9    God:
Gold:   46         SH:  0    Dex: 15    Spells: 2/2 levels left

rFire   . . .        Y - +1 shortbow
rCold   . . .        (shield currently unavailable)
rNeg    + . .        c - +0 leather armour
rPois   inf          (no helmet)
rElec   +            (no cloak)
rCorr   .            (no gloves)
SInv    .            (no boots)
Will    .....        (no amulet)
Stlth   ++           (no ring)
HPRegen 0.23/turn    (no ring)
MPRegen 0.08/turn

%: no passive effects
@: no status effects
A: sickness immunity, AC +3, negative energy resistance 1, electricity
resistance, torment resistance 1, petrification resistance
a: no special abilities


You were on level 1 of the Dungeon.
You visited 1 branch of the dungeon, and saw 2 of its levels.

You collected 46 gold pieces.


Innate Abilities, Weirdness & Mutations

You are immune to sickness and miasma.
Your stone body is resilient. (AC +3)
You are immune to poison.
You resist negative energy. (rN+)
You are resistant to electric shocks. (rElec)
You are resistant to unholy torment.
You are immune to petrification.


   Skills:
 + Level 2.5 Fighting
 - Level 5.3 Ranged Weapons
 - Level 1.5 Dodging
 - Level 1.1 Stealth


You had 2 spell levels left.
You didn't know any spells.
Your spell library was empty.

Inventory:

Hand Weapons
 Y - a +1 shortbow (weapon)
Armour
 c - a +0 leather armour (worn)
Jewellery
 a - an amulet of the acrobat
Scrolls
 e - a scroll of teleportation {unknown}
Potions
 b - a potion of mutation {unknown}
 d - a potion of curing {unknown}
 f - a potion of enlightenment {unknown}
 g - a potion of resistance {unknown}
 h - a potion of haste {unknown}
 l - a potion of degeneration {unknown}

Dungeon Overview and Level Annotations

Branches:
Dungeon (2/15)

Altars:


Message History

The kobold hits you with a +0 whip.
You shoot an arrow. The arrow hits the ball python.
You kill the ball python!
The quokka bites you but does no damage.
The kobold hits you but does no damage.
The quokka bites you but does no damage.
You shoot an arrow.
The arrow hits the kobold but does no damage.
The kobold barely misses you.
The quokka bites you but does no damage.
You shoot an arrow. The arrow hits the kobold!
You kill the kobold!
The quokka bites you.
The hobgoblin hits you but does no damage.
You shoot an arrow. The arrow hits the hobgoblin.
The hobgoblin is lightly wounded.
The quokka barely misses you.
The quokka bites you but does no damage.
The hobgoblin closely misses you.
You shoot an arrow. The arrow hits the hobgoblin.
The hobgoblin is moderately wounded.
The quokka bites you.
The hobgoblin hits you but does no damage.
You shoot an arrow. The arrow hits the hobgoblin!
You kill the hobgoblin!
The quokka misses you.
The quokka bites you but does no damage.
You shoot an arrow. The arrow completely misses the quokka.
The quokka barely misses you.
You shoot an arrow. The arrow misses the quokka.
The quokka bites you but does no damage.
A quokka comes into view.
The quokka closely misses you.
You shoot an arrow. The arrow barely misses the quokka.
The quokka barely misses you.
You shoot an arrow. The arrow barely misses the quokka.
The quokka bites you.
You shoot an arrow. The arrow misses the quokka.
The quokka closely misses you. The quokka bites you.
You die...

#. . #. .# #.. # ## ..#
#..#.#!###..# ..#....
:.# #rr.# #.# ##@## #.#
#%..####.#
.......#....(.# ##
###..#...####.#########.
#.........>........)..
##.##.###############.
#. #. ## # #. # ... #


You could see 2 quokkas.

Vanquished Creatures
  Terence (D:2)
  6 ball pythons (D:1)
  An endoplasm (D:1)
  A giant cockroach (D:1)
  5 goblins
  3 hobgoblins
  2 jackals (D:1)
  A quokka (D:2)
  3 bats
  3 frilled lizards (D:1)
  4 kobolds
  3 rats (D:1)
33 creatures vanquished.

Notes
Turn   | Place    | Note
-------+----------+-------------------------------------------
     0 | D:1      | qw the Gargoyle Hunter began the quest for the Orb.
     0 | D:1      | Reached XP level 1. HP: 12/12 MP: 1/1
     0 | D:1      | 0 ||| qw: Version: 0.3-a-83-gcd0e7d8
     0 | D:1      | 0 ||| qw: Game counter: 1405
     0 | D:1      | 0 ||| qw: Melee chars always use a shield: true
     0 | D:1      | 0 ||| qw: God list: Okawaru
     0 | D:1      | 0 ||| qw: Allow faded altars: false
     0 | D:1      | 0 ||| qw: Do Orc after clearing Dungeon:15 true
     0 | D:1      | 0 ||| qw: Do second Lair branch before Depths: true
     0 | D:1      | 0 ||| qw: Lair rune preference: random
     0 | D:1      | 0 ||| qw: Goals: Normal
     0 | D:1      | 0 ||| PLANNING D:1-11
   146 | D:1      | Reached XP level 2. HP: 17/17 MP: 2/2
   213 | D:1      | Found a faded altar of an unknown god.
   472 | D:1      | You fall into a shaft and drop 1 floor!
   505 | D:2      | 505 ||| READING scroll labelled BUURPH AZUIRGH.
   506 | D:2      | 506 ||| READING scroll labelled ENOYRA JICRE.
   507 | D:2      | 507 ||| READING scroll labelled OCHOEC ANAUST.
   508 | D:2      | 508 ||| READING scroll labelled KETSEF TEDE.
   508 | D:2      | HP: 2/17 [spore (15)]
   509 | D:2      | 509 ||| Stepping ~*~*~tactically~*~*~ (cloud).
   514 | D:2      | Noticed Terence
   516 | D:2      | Reached XP level 3. HP: 5/21 MP: 3/3
   524 | D:2      | HP: 5/21 [Terence/+0 mace (2)]
   525 | D:2      | Killed Terence
   526 | D:2      | Reached skill level 5 in Ranged Weapons
   594 | D:2      | 594 ||| READING scroll labelled MAOCUUJAET.
   595 | D:2      | 595 ||| READING scroll labelled YTOTRA JOLEPN.
   596 | D:2      | 596 ||| DROPPING scroll of butterflies.
   660 | D:1      | HP: 5/22 [quokka (4)]
   662 | D:1      | HP: 2/22 [quokka (4)]
   667 | D:1      | HP: 1/22 [quokka (2)]
   668 | D:1      | Slain by a quokka

Levels and vault maps discovered:
D:1:      lemuel_arrival_hallway, layout_loops_ring, basic_ecumenical_altar,
          minmay_cut_off
D:2:      layout_basic, serial_shops, nicolae_shop_back_alley_shop,
          nicolae_shop_trees, uniq_jessica, uniq_terence

Skill      XL: |  1  2  3 |
---------------+----------+-----
Ranged Weapons | 5 |  5.3
Fighting       | |  2.5
Dodging        | |  1.5
Stealth        | |  1.1

Action                     || total
---------------------------++-------
   Fire: Shortbow          ||   109
    Use: Scroll            ||     6
 Armour: Leather armour    ||    40
  Dodge: Dodged            ||    31

Table legend:
 A = Non-vault XP
 B = Vault XP
 C = Vault XP percentage of total XP
 D = Non-vault monster count
 E = Vault monster count
 F = Vault count percentage of total count
                 A         B        C        D         E       F
            +---------+---------+-------+---------+---------+-------
      Total |      44 |      37 |  45.7 |      29 |       4 |  12.1
            +---------+---------+-------+---------+---------+-------
        D:1 |      32 |       5 |  13.5 |      23 |       3 |  11.5
        D:2 |      12 |      32 |  72.7 |       6 |       1 |  14.3
            +---------+---------+-------+---------+---------+-------
